 Dungeon Crawl Stone Soup version 0.19-a0-1790-g026f1ef (webtiles) character file.

140 Proteus the Covert (level 5, -3/25 HPs)
             Began as a Spriggan Assassin on Oct 4, 2016.
             Killed from afar by an orc wizard (9 damage)
             ... with a magic dart
             ... on level 2 of the Dungeon.
             The game lasted 00:07:46 (2986 turns).

Proteus the Covert (Spriggan Assassin)              Turns: 2986, Time: 00:07:46

Health: -3/25      AC:  3    Str:  7    XL:     5   Next: 2%
Magic:  20/24      EV: 17    Int: 17    God:
Gold:   78         SH:  0    Dex: 19    Spells: 0 memorised, 4 levels left

rFire  . . .     SeeInvis +     a - +2 dagger
rCold  . . .     Gourm    .     c - +0 robe
rNeg   . . .     Faith    .     (shield restricted)
rPois  .         Spirit   .     (helmet restricted)
rElec  .         Dismiss  .     d - +0 cloak
rCorr  .         Reflect  .     (gloves unavailable)
MR     .....     Harm     .     (boots unavailable)
Stlth  +++++.....               (no amulet)
                                n - ring of magical power
                                k - ring of magical power

@: brilliant, about to teleport, flying, very quick
A: unfitting armour, see invisible, herbivore 3, speed 3, slow metabolism 2
a: no special abilities


You were on level 2 of the Dungeon.
You were not hungry.

You visited 1 branch of the dungeon, and saw 3 of its levels.

You collected 78 gold pieces.

Inventory:

Hand Weapons
 a - a +2 dagger (weapon)
 b - a +1 blowgun
Armour
 c - a +0 robe (worn)
 d - a +0 cloak (worn)
Jewellery
 k - a ring of magical power (left hand)
 n - a ring of magical power (right hand)
Scrolls
 i - a scroll of teleportation
Potions
 j - 2 potions of agility
 m - a potion of lignification
Comestibles
 g - a bread ration


   Skills:
 - Level 1.5 Fighting
 - Level 2.1 Short Blades
 - Level 2.0 Throwing
 - Level 1.5 Dodging
 + Level 9.6 Stealth


You had 4 spell levels left.
You didn't know any spells.

Dungeon Overview and Level Annotations

Branches:
Dungeon (3/15)

Altars:
Hepliaklqana
Okawaru
Vehumet


Innate Abilities, Weirdness & Mutations

You are very small and have problems with some larger weapons.
You are too small for most types of armour.
You have supernaturally acute eyesight. (SInv)
You are a herbivore.
You cover ground extremely quickly.
You need consume almost no food.


Message History

Firing (i - inventory): No suitable missiles.
Press: ? - help, Shift-Dir - straight line, f/p - orc priest
Aim: an orc priest (almost dead, slow, poisoned)
Okay, then.
Wield which item (- for none, * to show all)? (? for menu, Esc to quit)
a - a +2 dagger (weapon)
You are too injured to fight recklessly!
You closely miss the orc priest.
The orc priest is almost dead.
The orc shouts!
You hit the orc priest.
You kill the orc priest!
You have reached level 5!
You feel agile.
You hear a shout! x2; You hear an angry hiss.
You hear a shout!
As you read the scroll of teleportation, it crumbles to dust.
You feel strangely unstable. The orc barely misses you.
The orc wizard points at you and mumbles some strange words.
The magic dart hits you!
You die...

#......#.####..#....#....#.......
######.oo####.......#.##......<..
##.o##......####.<..........
##.o........## ###....#####.
#........K...###...##..####.
#.##....l.##..#..#####(.....
######.##.....####o..............
....##.#..#...####o.[######.##...
###....#..(...(o@..### #....## #
#.####.....####### ###.### 8 #.#
##.....# #.# .######.)...## #.#
.8#........#### ##.##
.##...........# #####...##
8##....(..###.##### #.........
#.......#.......# #.........
#.......#......)# #.........


You could see an orc wizard and an orc.

Vanquished Creatures
  An orc priest (D:2)
  3 adders
  5 worms
  2 dart slugs
  2 orcs (D:3)
  3 ball pythons
  5 goblins
  7 hobgoblins
  14 jackals
  A quokka (D:2)
  2 bats
  3 frilled lizards
  5 kobolds
  7 rats
60 creatures vanquished.

Notes
Turn   | Place    | Note
-------+----------+-------------------------------------------
     0 | D:1      | Proteus the Spriggan Assassin began the quest for the Orb.
     0 | D:1      | Reached XP level 1. HP: 10/10 MP: 2/2
    65 | D:1      | Reached skill level 6 in Stealth
   238 | D:1      | Reached XP level 2. HP: 14/14 MP: 3/3
   372 | D:1      | Reached skill level 7 in Stealth
   965 | D:1      | Reached XP level 3. HP: 18/18 MP: 4/4
  1275 | D:2      | Reached skill level 8 in Stealth
  1656 | D:2      | Reached XP level 4. HP: 22/22 MP: 5/5
  1709 | D:2      | Found an iron altar of Okawaru.
  1910 | D:3      | Found a radiant altar of Vehumet.
  2225 | D:3      | Found a hazy altar of Hepliaklqana.
  2261 | D:3      | Reached skill level 9 in Stealth
  2270 | D:3      | HP: 1/22 [kobold/short sword of protection (6)]
  2313 | D:3      | HP: 1/22 [bat (1)]
  2984 | D:2      | Reached XP level 5. HP: 6/25 MP: 6/6
  2986 | D:2      | Killed from afar by an orc wizard

Vault maps used:
D:1:      lightli_arrival_isolated_outpost
D:2:      nicolae_overflow_hidden_temple
D:3:      overflow_temple_1_default, lemuel_doored_altar, uniq_natasha

Skill      XL: |  1  2  3  4 |
---------------+-------------+-----
Stealth        | 6 7 8 9 |  9.6
Fighting       | |  1.5
Short Blades   | |  2.1
Throwing       | |  2.0
Dodging        | |  1.5

Action                   |  1- 3 |  4- 6 || total
-------------------------+-------+-------++-------
Melee: Dagger            |   111 |   109 ||   220
 Fire: Blowgun           |       |    10 ||    10
  Use: Scroll            |       |     7 ||     7
       Potion            |       |     2 ||     2
 Stab: Sleeping          |    14 |     1 ||    15
       Distracted        |     4 |       ||     4
Armor: Robe              |    11 |     9 ||    20
Dodge: Dodged            |    65 |   114 ||   179
